LNP
COROZAL MOFONGUEROS @ UTUADO ARRIBENOS
04/27/1903
 
TOP OF THE 1ST
Corozal Mofongueros batting - Pitching for Utuado Arribenos : RHP Celestino López
Pitching: RHP Celestino López
Batting: LHB Quirino Rodríguez 0-0: Called Strike
0-1: Ball
1-1: Ball
2-1: Ball
3-1: Called Strike
3-2: Strikes out swinging
Batting: RHB Germán Salvador 0-0: Ball
1-0: Ball
2-0: Foul Ball, location: 9LSF
2-1: Called Strike
2-2: Foul Ball, location: 2F
2-2: Ball
3-2: Strikes out swinging
Batting: LHB Natalino Romero 0-0: Ball
1-0: Ball
2-0: Foul Ball, location: 2F
2-1: Fly out, F9 (Flyball, 9D, EV 146 KM/H)
Top of the 1st over - 0 runs, 0 hits, 0 errors, 0 left on base; Corozal 0 - Utuado 0
BOTTOM OF THE 1ST
Utuado Arribenos batting - Pitching for Corozal Mofongueros : RHP Álvaro Piedra
Pitching: RHP Álvaro Piedra
Batting: LHB Gaudencio Ojeda 0-0: Ball
1-0: Ball
2-0: Called Strike
2-1: DOUBLE (Flyball, 78XD, EV 161 KM/H)
Batting: SHB Egidio Osorio 0-0: Sac Bunt to 2L - play at first, batter OUT! 2-3
Gaudencio Ojeda to third
Batting: RHB Etelfrido Dorado 0-0: Called Strike
0-1: Ball
1-1: Foul Ball, location: 7LDF
1-2: Ground out 6-3 (Groundball, 6, EV 132 KM/H)
Gaudencio Ojeda scores
Batting: LHB Urbano Rivera 0-0: Ball
1-0: Ball
2-0: Foul Ball, location: 2F
2-1: Foul Ball, location: 2F
2-2: Ground out U3 (Groundball, 34S, EV 113 KM/H)
Bottom of the 1st over - 1 run, 1 hit, 0 errors, 0 left on base; Corozal 0 - Utuado 1
TOP OF THE 2ND
Corozal Mofongueros batting - Pitching for Utuado Arribenos : RHP Celestino López
Batting: RHB Avelino González 0-0: Called Strike
0-1: Ground out U3 (Groundball, 3L, EV 141 KM/H)
Batting: SHB Uranio Fonseca 0-0: Called Strike
0-1: Ball
1-1: Ball
2-1: Ball
3-1: Called Strike
3-2: Foul Ball, location: 9LDF
3-2: Base on Balls
Batting: RHB Alex Yapp 0-0: Ground out 6-3 (Groundball, 56, EV 160 KM/H)
Uranio Fonseca to second
Batting: RHB Bill Goyette 0-0: Ball
1-0: Ball
2-0: Ball
3-0: Called Strike
3-1: Fly out, F8 (Flyball, 78M, EV 151 KM/H)
Top of the 2nd over - 0 runs, 0 hits, 0 errors, 1 left on base; Corozal 0 - Utuado 1
BOTTOM OF THE 2ND
Utuado Arribenos batting - Pitching for Corozal Mofongueros : RHP Álvaro Piedra
Batting: RHB Tomás Guzmán 0-0: Ball
1-0: Ball
2-0: Ball
3-0: Called Strike
3-1: Ground out 6-3 (Groundball, 6, EV 135 KM/H)
Batting: RHB Alrigo García 0-0: Fly out, F9 (Flyball, 9S, EV 120 KM/H)
Batting: RHB Jorge Pitones 0-0: Ball
1-0: Ground out 6-3 (Groundball, 6, EV 144 KM/H)
Bottom of the 2nd over - 0 runs, 0 hits, 0 errors, 0 left on base; Corozal 0 - Utuado 1
TOP OF THE 3RD
Corozal Mofongueros batting - Pitching for Utuado Arribenos : RHP Celestino López
Batting: SHB Jacinto González 0-0: Ball
1-0: Fly out, F7 (Flyball, 7, EV 149 KM/H)
Batting: RHB Jaime Olivera 0-0: Ball
1-0: Swinging Strike
1-1: Called Strike
1-2: Ball
2-2: Strikes out looking
Batting: LHB Quirino Rodríguez 0-0: Ball
1-0: Ball
2-0: Called Strike
2-1: Ball
3-1: Base on Balls
Batting: RHB Germán Salvador 0-0: Ball
Quirino Rodríguez steals 2nd base
1-0: SINGLE (Line Drive, 34, EV 151 KM/H)
Quirino Rodríguez to third
Runner from 3rd tries for Home, SAFE, throw by RF to home
Batting: LHB Natalino Romero 0-0: Called Strike
Germán Salvador is caught stealing 2nd base 2-6
Top of the 3rd over - 1 run, 1 hit, 0 errors, 0 left on base; Corozal 1 - Utuado 1
BOTTOM OF THE 3RD
Utuado Arribenos batting - Pitching for Corozal Mofongueros : RHP Álvaro Piedra
Batting: RHB Jesús Piñeda 0-0: SINGLE (Line Drive, 9S, EV 175 KM/H)
Batting: RHB Diomedes Estopinán 0-0: Bunted foul
0-1: Sac Bunt to 13 - play at first, batter OUT! 1-3
Jesús Piñeda to second
Batting: LHB Gaudencio Ojeda 0-0: Ball
1-0: Ball
2-0: Ground out 1-3 (Groundball, 13S, EV 133 KM/H)
Jesús Piñeda to third
Batting: SHB Egidio Osorio 0-0: Ball
1-0: Ball
2-0: Called Strike
2-1: Ball
3-1: Foul Ball, location: 5F
3-2: Foul Ball, location: 5F
3-2: SINGLE (Line Drive, 34D, EV 151 KM/H)
Jesús Piñeda scores
Batting: RHB Etelfrido Dorado 0-0: Called Strike
0-1: Ball
1-1: SINGLE (Flyball, 78S, EV 154 KM/H)
Egidio Osorio to second
Batting: LHB Urbano Rivera 0-0: Called Strike
0-1: Foul Ball, location: 2RF
0-2: Strikes out swinging
Bottom of the 3rd over - 1 run, 3 hits, 0 errors, 2 left on base; Corozal 1 - Utuado 2
TOP OF THE 4TH
Corozal Mofongueros batting - Pitching for Utuado Arribenos : RHP Celestino López
Batting: LHB Natalino Romero 0-0: Called Strike
0-1: Ball
1-1: Swinging Strike
1-2: Ball
2-2: DOUBLE (Line Drive, 7LM, EV 172 KM/H)
Batting: RHB Avelino González 0-0: Ball
1-0: Ball
2-0: Ball
Wild Pitch!
Natalino Romero to third
3-0: Called Strike
3-1: Foul Ball, location: 9LMF
3-2: SINGLE (Groundball, 56D, EV 164 KM/H)
Natalino Romero scores
Batting: SHB Uranio Fonseca 0-0: Swinging Strike
0-1: Sac Bunt to 15S - play at first, batter OUT! 1-3
Avelino González to second
Batting: RHB Alex Yapp 0-0: Ball
1-0: Ground out 6-3 (Groundball, 6, EV 137 KM/H)
Avelino González to third
Batting: RHB Bill Goyette 0-0: Ball
1-0: Ground out 1-3 (Groundball, 34S, EV 118 KM/H)
Top of the 4th over - 1 run, 2 hits, 0 errors, 1 left on base; Corozal 2 - Utuado 2
BOTTOM OF THE 4TH
Utuado Arribenos batting - Pitching for Corozal Mofongueros : RHP Álvaro Piedra
Batting: RHB Tomás Guzmán 0-0: Ball
1-0: Ball
2-0: Called Strike
2-1: Ball
3-1: Called Strike
3-2: SINGLE (Groundball, 34D, EV 150 KM/H)
Batting: RHB Alrigo García 0-0: Ball
1-0: Called Strike
1-1: Bunt missed!
1-2: SINGLE (Groundball, 6MD, EV 171 KM/H)
Tomás Guzmán to second
Batting: RHB Jorge Pitones 0-0: Ball
1-0: Sac Bunt to P - play at first, batter OUT! 1-3
Tomás Guzmán to third
Alrigo García to second
Batting: RHB Jesús Piñeda 0-0: Ball
1-0: Ball
2-0: Called Strike
2-1: Foul Ball, location: 2F
2-2: Foul Ball, location: 9LMF
2-2: Ground out U3 (Groundball, 34, EV 138 KM/H)
Tomás Guzmán scores
Alrigo García to third
Batting: RHB Diomedes Estopinán 0-0: Called Strike
0-1: SINGLE (Groundball, 13S, EV 113 KM/H) (infield hit)
Alrigo García scores
Batting: LHB Gaudencio Ojeda 0-0: Foul Ball, location: 2F
0-1: Ground out 4-3 (Groundball, 4MD, EV 161 KM/H)
Bottom of the 4th over - 2 runs, 3 hits, 0 errors, 1 left on base; Corozal 2 - Utuado 4
TOP OF THE 5TH
Corozal Mofongueros batting - Pitching for Utuado Arribenos : RHP Celestino López
Batting: SHB Jacinto González 0-0: Called Strike
0-1: Ball
1-1: Ball
2-1: Fly out, F4 (Popup, 4, EV 104 KM/H)
Batting: RHB Jaime Olivera 0-0: Ball
1-0: Ball
2-0: Called Strike
2-1: Ball
3-1: Foul Ball, location: 2F
3-2: SINGLE (Line Drive, 78S, EV 163 KM/H)
Batting: LHB Quirino Rodríguez 0-0: Ball
1-0: Called Strike
1-1: Ball
2-1: Fielders Choice at 2nd, 5-4 (Groundball, 5, EV 171 KM/H)
Batting: RHB Germán Salvador 0-0: Called Strike
Quirino Rodríguez is caught stealing 2nd base 2-4
Top of the 5th over - 0 runs, 1 hit, 0 errors, 0 left on base; Corozal 2 - Utuado 4
BOTTOM OF THE 5TH
Utuado Arribenos batting - Pitching for Corozal Mofongueros : RHP Álvaro Piedra
Batting: SHB Egidio Osorio 0-0: Ball
1-0: Called Strike
1-1: Ground out 6-3 (Groundball, 6, EV 124 KM/H)
Batting: RHB Etelfrido Dorado 0-0: Ball
1-0: Ball
2-0: Ball
3-0: Called Strike
3-1: Base on Balls
Batting: LHB Urbano Rivera 0-0: Ball
1-0: Called Strike
1-1: Ball
2-1: Foul Ball, location: 7LSF
2-2: Fly out, F9 (Line Drive, 9S, EV 151 KM/H)
Batting: RHB Tomás Guzmán 0-0: Ball
Etelfrido Dorado is caught stealing 2nd base 2-4
Bottom of the 5th over - 0 runs, 0 hits, 0 errors, 0 left on base; Corozal 2 - Utuado 4
TOP OF THE 6TH
Corozal Mofongueros batting - Pitching for Utuado Arribenos : RHP Celestino López
Batting: RHB Germán Salvador 0-0: Foul Ball, location: 2F
0-1: Ball
1-1: Ball
2-1: Ball
3-1: Called Strike
3-2: Strikes out swinging
Batting: LHB Natalino Romero 0-0: Foul Ball, location: 25F
0-1: Reached on error, E6 (Groundball, 56, EV 173 KM/H)
Batting: RHB Avelino González 0-0: Called Strike
0-1: Swinging Strike
0-2: Ball
1-2: Ball
Natalino Romero is caught stealing 2nd base 2-4
2-2: Fly out, F9 (Flyball, 89M, EV 145 KM/H)
Top of the 6th over - 0 runs, 0 hits, 1 error, 0 left on base; Corozal 2 - Utuado 4
BOTTOM OF THE 6TH
Utuado Arribenos batting - Pitching for Corozal Mofongueros : RHP Álvaro Piedra
Batting: RHB Tomás Guzmán 0-0: Ball
1-0: Ball
2-0: SINGLE (Line Drive, 5D, EV 158 KM/H)
Batting: RHB Alrigo García 0-0: Bunted foul
0-1: Sac Bunt to 13 - play at first, batter OUT! 1-3
Tomás Guzmán to second
Batting: RHB Jorge Pitones 0-0: Ball
1-0: Called Strike
1-1: Foul Ball, location: 7LSF
1-2: Ground out 6-3 (Groundball, 6, EV 170 KM/H)
Batting: RHB Jesús Piñeda 0-0: Called Strike
0-1: Ball
1-1: Fly out, F6 (Popup, 15S, EV 139 KM/H)
Bottom of the 6th over - 0 runs, 1 hit, 0 errors, 1 left on base; Corozal 2 - Utuado 4
TOP OF THE 7TH
Corozal Mofongueros batting - Pitching for Utuado Arribenos : RHP Celestino López
Batting: SHB Uranio Fonseca 0-0: Called Strike
0-1: Ball
1-1: Foul Ball, location: 25FF
1-2: Ball
2-2: Fly out, F5 (Popup, 56S, EV 135 KM/H)
Batting: RHB Alex Yapp 0-0: Ball
1-0: Ball
2-0: Called Strike
2-1: Ground out 5-3 (Groundball, 56S, EV 117 KM/H)
Batting: RHB Bill Goyette 0-0: Called Strike
0-1: Fly out, F9 (Line Drive, 89M, EV 159 KM/H)
Top of the 7th over - 0 runs, 0 hits, 0 errors, 0 left on base; Corozal 2 - Utuado 4
BOTTOM OF THE 7TH
Utuado Arribenos batting - Pitching for Corozal Mofongueros : RHP Álvaro Piedra
Batting: RHB Diomedes Estopinán 0-0: Ball
1-0: Ball
2-0: Foul Ball, location: 5F
2-1: Ball
3-1: Foul Ball, location: 2F
3-2: Foul Ball, location: 9LMF
3-2: SINGLE (Line Drive, 89M, EV 176 KM/H)
Batting: LHB Gaudencio Ojeda 0-0: Bunted foul
0-1: Foul Ball, location: 23F
0-2: Fly out, F7 (Flyball, 7, EV 152 KM/H)
Batting: SHB Egidio Osorio 0-0: Ground out 4-3 (Groundball, 4, EV 127 KM/H)
Diomedes Estopinán to second
Batting: RHB Etelfrido Dorado 0-0: Ball
1-0: Ball
2-0: Foul Ball, location: 23FF
2-1: Foul Ball, location: 2F
2-2: SINGLE (Line Drive, 78S, EV 167 KM/H)
Diomedes Estopinán to third
Runner from 3rd tries for Home, SAFE, throw by LF to home
Batting: LHB Urbano Rivera 0-0: Ground out 4-3 (Groundball, 34, EV 160 KM/H)
Bottom of the 7th over - 1 run, 2 hits, 0 errors, 1 left on base; Corozal 2 - Utuado 5
TOP OF THE 8TH
Corozal Mofongueros batting - Pitching for Utuado Arribenos : RHP Celestino López
Now at 1B: Amérigo Zúñiga
Batting: SHB Jacinto González 0-0: Fly out, F8 (Flyball, 8RM, EV 146 KM/H)
Batting: RHB Jaime Olivera 0-0: SINGLE (Groundball, 34D, EV 175 KM/H)
Batting: LHB Quirino Rodríguez 0-0: Called Strike
0-1: Ball
1-1: Swinging Strike
1-2: Ball
2-2: Strikes out swinging
Batting: RHB Germán Salvador 0-0: Ball
1-0: Ball
2-0: Called Strike
2-1: Foul Ball, location: 2F
2-2: Ball
3-2: Ground out 4-3 (Groundball, 4, EV 165 KM/H)
Top of the 8th over - 0 runs, 1 hit, 0 errors, 1 left on base; Corozal 2 - Utuado 5
BOTTOM OF THE 8TH
Utuado Arribenos batting - Pitching for Corozal Mofongueros : RHP Álvaro Piedra
Batting: RHB Tomás Guzmán 0-0: Called Strike
0-1: Swinging Strike
0-2: Ball
1-2: Strikes out swinging
Batting: RHB Alrigo García 0-0: Fly out, F9 (Line Drive, 9, EV 146 KM/H)
Batting: RHB Jorge Pitones 0-0: Ball
1-0: Ball
2-0: SINGLE (Line Drive, 78S, EV 169 KM/H)
Batting: RHB Jesús Piñeda 0-0: Swinging Strike
0-1: Foul Ball, location: 9LMF
0-2: Foul Ball, location: 9LSF
0-2: Ball
1-2: Reached on error, E5 (Groundball, 5S, EV 108 KM/H)
Jorge Pitones to second
Batting: RHB Diomedes Estopinán 0-0: Called Strike
0-1: Ball
1-1: Called Strike
1-2: Foul Ball, location: 2F
1-2: Strikes out swinging
Bottom of the 8th over - 0 runs, 1 hit, 1 error, 2 left on base; Corozal 2 - Utuado 5
TOP OF THE 9TH
Corozal Mofongueros batting - Pitching for Utuado Arribenos : RHP Celestino López
Now in LF: Marco Aguiar
Batting: LHB Natalino Romero 0-0: Called Strike
0-1: Fly out, F7 (Flyball, 7LMF, EV 159 KM/H)
Batting: RHB Avelino González 0-0: Fly out, F9 (Line Drive, 9S, EV 163 KM/H)
Batting: SHB Uranio Fonseca 0-0: Called Strike
0-1: Ball
1-1: Called Strike
1-2: Strikes out swinging
Top of the 9th over - 0 runs, 0 hits, 0 errors, 0 left on base; Corozal 2 - Utuado 5
Thursday, February 29th , 2024 - OOTP Baseball 24.11 Build 85